 Dungeon Crawl Stone Soup version 0.22.1-2-g9c5b331 (webtiles) character file.

207 nightchill the Insei (level 5, -2/37 HPs)
             Began as a Merfolk Transmuter on Nov 13, 2018.
             Succumbed to Duvessa's poison
             ... on level 3 of the Dungeon.
             The game lasted 00:18:13 (3781 turns).

nightchill the Insei (Merfolk Transmuter)           Turns: 3781, Time: 00:18:14

Health: -2/37      AC:  4    Str: 11    XL:     5   Next: 85%
Magic:  4/8        EV: 13    Int: 13    God:
Gold:   19         SH:  0    Dex: 14    Spells: 1/8 levels left

rFire    . . .     SeeInvis .     - Unarmed
rCold    . . .     Gourm    .   (no shield)
rNeg     . . .     Faith    .   b - +0 robe
rPois    .         Spirit   .   (no helmet)
rElec    .         Reflect  .   k - +1 cloak
rCorr    .         Harm     .   (no gloves)
MR       .....                  (no boots)
Stlth    +.........             (no amulet)
HPRegen  0.12/turn              (no ring)
MPRegen  0.11/turn              (no ring)

@: lethally poisoned (-2 -> -25)
A: change form in water, swift swim, stealthy swim
a: no special abilities


You were on level 3 of the Dungeon.
You were hungry.

You visited 1 branch of the dungeon, and saw 4 of its levels.

You collected 84 gold pieces.
You spent 65 gold pieces at shops.

Inventory:

Hand Weapons
 q - a +0 hunting sling
Missiles
 a - 21 arrows
 f - 63 stones (quivered)
Armour
 b - a +0 robe (worn)
 e - a cursed +0 robe
 k - a +1 cloak (worn)
Wands
 t - a wand of digging (12)
Scrolls
 i - 3 scrolls of remove curse
 j - a scroll of enchant armour
 l - 2 scrolls of teleportation
 n - a scroll of enchant weapon {unknown}
 o - 2 scrolls of fear {unknown}
 s - a scroll of noise {unknown}
Potions
 c - a potion of agility {unknown}
 g - a potion of ambrosia {unknown}
 m - a potion of haste {unknown}
 p - 3 potions of flight {unknown}
 r - 2 potions of mutation {unknown}
Comestibles
 d - 7 rations


   Skills:
 - Level 1.1 Fighting
 - Level 0.1 Throwing
 - Level 2.6 Dodging
 + Level 5.6 Unarmed Combat
 - Level 2.0 Spellcasting
 + Level 4.4 Transmutations
 + Level 2.2 Ice Magic


You had one spell level left.
You knew the following spells:

 Your Spells              Type           Power        Failure   Level  Hunger
a - Beastly Appendage     Tmut           ##....       4%          1    ##.....
b - Sticks to Snakes      Tmut           ##......     6%          2    ###....
c - Ice Form              Ice/Tmut       ##......     54%         4    #####..

Your spell library contained the following spells:

 Spells                   Type           Power        Failure   Level  Hunger
 Confusing Touch          Hex            #.....       26%         1    ##.....
 Spider Form              Tmut/Pois      #.........   30%         3    ####...
 Confuse                  Hex            #.......     58%         3    ####...
 Gell's Gravitas          Tloc           #.........   58%         3    ####...
 Petrify                  Tmut/Erth      #.......     71%         4    #####..
 Blade Hands              Tmut           ##........   75%         5    ######.
 Yara's Violent Unravell  Hex/Tmut       #.........   96%         5    ######.
 Metabolic Englaciation   Hex/Ice        #.........   99%         5    ######.


Dungeon Overview and Level Annotations

Branches:
Dungeon (4/15)             Temple (0/1) D:4

Altars:
Fedhas
Sif Muna
Trog

Shops:
D:4 !

Annotations:
D:2 exclusion: downstairs
D:3 exclusion: 2 doors
D:4 Dowan, Duvessa


Message History

Dowan gestures wildly while chanting.
Dowan blinks!
Your ball python bites Duvessa but does no damage.
Your ball python constricts Duvessa.
* * * LOW HITPOINT WARNING * * *
You feel very sick.
Duvessa struggles to escape constriction.
Your ball python bites Duvessa but does no damage. x2
Your ball python constricts Duvessa.
Duvessa struggles to escape constriction.
Your ball python bites Duvessa.
* * * LOW HITPOINT WARNING * * *
You feel sick.
Duvessa escapes!
Your ball python barely misses Duvessa.
Your ball python closely misses Duvessa.
There is a stone staircase leading up here.
* * * LOW HITPOINT WARNING * * *
You feel sick.
You climb upwards.
Level annotation: exclusion: 2 doors You die...

########.#.# #####
#........#.# #...######
#.########.# #........# #.#
#.# #........# #.###### #.#
#........# #......# #.#
#...###### #..###.# #.#
###...##########......# #.#
..)...'.........@..#..###.#
.##...######.......#......#
.#.........#.#####.##.#####
.#......##.#.#####.##.#
..PP....##.#.......##.#
..P.....♣.♣.♣.♣.#####.#
.####.................# .#
#...♣.♣)♣#♣.##############
.# #...#....(..# #........#


There were no monsters in sight!

Vanquished Creatures
  A scorpion (D:4)
  An adder (D:3)
  An adder skeleton (D:4)
  3 worms
  2 dart slugs
  2 leopard geckos (D:3)
  2 orcs (D:3)
  4 giant cockroaches
  12 hobgoblins
  2 jackals (D:3)
  A quokka (D:3)
  A ball python (D:1)
  4 bats
  3 frilled lizards
  8 goblins
  10 kobolds
  5 rats
62 creatures vanquished.

Vanquished Creatures (collateral kills)
  Sigmund (D:3)
1 creature vanquished.

Grand Total: 63 creatures vanquished

Notes
Turn   | Place    | Note
-------+----------+-------------------------------------------
     0 | D:1      | nightchill the Merfolk Transmuter began the quest for the
                  | Orb.
     0 | D:1      | Reached XP level 1. HP: 15/15 MP: 3/3
   353 | D:1      | Reached XP level 2. HP: 20/21 MP: 3/5
   379 | D:1      | Learned a level 2 spell: Sticks to Snakes
   463 | D:1      | Reached skill level 4 in Unarmed Combat
  1008 | D:1      | Reached XP level 3. HP: 22/26 MP: 4/6
  2262 | D:3      | Reached skill level 5 in Unarmed Combat
  2265 | D:3      | Reached XP level 4. HP: 28/32 MP: 5/7
  2286 | D:3      | Learned a level 4 spell: Ice Form
  2479 | D:3      | Found a deep blue altar of Sif Muna.
  2483 | D:3      | Found a bloodstained altar of Trog.
  2934 | D:3      | Noticed Sigmund
  3085 | D:3      | Reached skill level 1 in Ice Magic
  3086 | D:3      | Found a blossoming altar of Fedhas.
  3147 | D:3      | Killed Sigmund
  3147 | D:3      | Reached XP level 5. HP: 22/37 MP: 1/8
  3516 | D:4      | Found Jiawina's Distillery.
  3519 | D:4      | Bought a potion of heal wounds for 65 gold pieces
  3747 | D:4      | Noticed Duvessa
  3747 | D:4      | Noticed Dowan
  3780 | D:4      | HP: 1/37 [poisoned by Duvessa]
  3781 | D:3      | Succumbed to Duvessa's poison

Skill      XL: |  1  2  3  4  5 |
---------------+----------------+-----
Unarmed Combat | 4 5 |  5.6
Transmutations | 3 4 |  4.4
Ice Magic      | 1 2 |  2.2
Fighting       | |  1.1
Throwing       | |  0.1
Dodging        | |  2.6
Spellcasting   | |  2.0

Action                   |  1- 3 |  4- 6 || total
-------------------------+-------+-------++-------
Melee: Unarmed           |   151 |    59 ||   210
       Headbutt          |    19 |     7 ||    26
       Punch             |     1 |     1 ||     2
Throw: Stone             |     7 |       ||     7
 Cast: Beastly Appendage |    24 |     9 ||    33
       Sticks to Snakes  |       |    13 ||    13
  Use: Scroll            |       |     4 ||     4
       Potion            |       |     3 ||     3
  Eat: Chunk             |     5 |     2 ||     7
       Ration            |       |     1 ||     1
Armor: Robe              |    22 |     7 ||    29
Dodge: Dodged            |   118 |    39 ||   157
